AoeStats
← 恆浪蕩

African Clearing

505777584Analyzed
3v3 RM · 20d ago on Sep 11, 2026· 47m 31s· 6 players
Game mode
Random Map
Map size
Normal (6 player)
Population
200
Speed
Normal
Resources
Standard
Victory
Conquest
Starting age
Dark Age
Ending age
Imperial Age
RankedLock teamsTeams togetherTeam positionsShared explorationLock speedFull tech treeHidden civsTurbo modeCheats
Victory
Defeat
🇧🇷 Koreans · Brazil
1667
+11
🇧🇷 Vietnamese · Brazil
1498
+18
🇧🇷 Hindustanis · Brazil
1459
+19
🇹🇼 Burgundians · Taiwan
1625
-19
🇭🇰 Japanese · Hong Kong SAR China
1625
-19
🇦🇷 Magyars · Argentina
1388
-10
Xtreme | Rayden
4:46 Loom
12:50 Feudal Age
15:35 Forging
16:28 Scale Barding Armor
18:36 Bloodlines
23:28 Castle Age
22:52 Double-Bit Axe
22:50 Horse Collar
24:16 Husbandry
34:39 Bow Saw
36:26 Chain Barding Armor
39:25 Iron Casting
40:12 Stone Mining
40:29 Heavy Plow
40:20 Gold Mining
43:12 Fletching
44:05 Gold Shaft Mining
47:42 Wheelbarrow
46:53 Town Watch
49:56 Imperial Age
Tuco_Parmera
10:19 Loom
12:22 Feudal Age
17:38 Double-Bit Axe
21:02 Horse Collar
25:22 Castle Age
23:58 Fletching
26:16 Bow Saw
25:52 Town Watch
26:06 Bodkin Arrow
29:01 Ballistics
29:34 Padded Archer Armor
31:12 Gold Mining
38:12 Wheelbarrow
37:42 Heavy Plow
38:51 Thumb Ring
39:32 Thumb Ring
39:43 Leather Archer Armor
41:43 Stone Mining
47:10 Imperial Age
47:18 Imperial Age
45:58 Hand Cart
45:52 Squires
45:36 Treadmill Crane
[KoFu] Might_lloll
4:06 Loom
14:20 Feudal Age
15:41 Double-Bit Axe
18:24 Castle Age
16:37 Fletching
19:05 Bodkin Arrow
37:29 Wheelbarrow
37:51 Horse Collar
40:04 Ballistics
41:55 Bow Saw
41:57 Town Watch
46:58 Imperial Age
45:59 Eupseong
46:20 Masonry
46:43 Treadmill Crane
48:42 Chemistry
47:44 Bracer
48:11 Conscription
巨大豚
4:53 Loom
13:42 Feudal Age
14:42 Man-at-Arms
16:17 Town Watch
23:52 Castle Age
21:59 Double-Bit Axe
23:17 Bloodlines
23:10 Horse Collar
24:19 Gold Mining
24:03 Light Cavalry
25:01 Bow Saw
25:32 Light Cavalry
30:25 Sanctity
42:58 Fletching
45:12 Heavy Plow
Sean
11:36 Loom
14:31 Feudal Age
15:50 Double-Bit Axe
18:15 Castle Age
16:29 Fletching
18:21 Fishing Lines
18:55 Bodkin Arrow
19:50 Bow Saw
31:18 Padded Archer Armor
31:54 Wheelbarrow
31:04 Town Watch
33:10 Bloodlines
33:55 Ballistics
34:21 Husbandry
37:06 Leather Archer Armor
45:26 Hand Cart
恆浪蕩
8:53 Loom
19:32 Feudal Age
18:08 Double-Bit Axe
20:11 Wheelbarrow
23:33 Castle Age
24:23 Horse Collar
30:48 Bow Saw
32:37 Heavy Plow
32:57 Scale Barding Armor
35:10 Husbandry
39:08 Hand Cart
39:14 Burgundian Vineyards
43:14 Imperial Age
43:12 Light Cavalry
46:14 Squires
47:06 Scale Mail Armor
47:17 Forging
Connection lost

Rejoining the realm…

Still unreachable

The connection could not be restored.

Session expired

The server has moved on; the page needs a fresh start.